AoeStats
← Radu029

Migration

508667691Analyzed
1v1 RM · 9d ago on Sep 23, 2026· 69m 49s· 2 players
Game mode
Random Map
Map size
132×132
Population
200
Speed
Normal
Resources
Standard
Victory
Conquest
Starting age
Dark Age
Ending age
Imperial Age
RankedLock teamsTeams togetherTeam positionsShared explorationLock speedFull tech treeHidden civsTurbo modeCheats
Victory
Defeat
🇧🇷 Franks · Brazil
346
+7
🇷🇴 Chinese · Romania
123
-7
Radu029
1:17 Loom
13:31 Feudal Age
14:45 Double-Bit Axe
18:32 Wheelbarrow
18:28 Fishing Lines
24:08 Castle Age
23:02 Horse Collar
23:16 Stone Mining
23:16 Gold Mining
24:41 Gillnets
28:39 Stone Shaft Mining
28:40 Gold Shaft Mining
28:09 Padded Archer Armor
28:00 Fletching
29:52 Hand Cart
32:05 Bow Saw
33:44 Leather Archer Armor
33:24 Bodkin Arrow
35:03 Medium Warships
34:14 Demolition Ship
37:25 Bow Saw
37:26 Heavy Plow
40:01 Imperial Age
41:47 Elite Chu Ko Nu
43:01 Ring Archer Armor
44:43 Bracer
47:45 Forging
69:11 Chemistry
68:32 Ballistics
marlonlima104386
0:46 Loom
11:29 Feudal Age
12:05 Double-Bit Axe
12:58 Wheelbarrow
19:46 Castle Age
19:00 Fishing Lines
25:45 Imperial Age
25:51 Bow Saw
26:07 Medium Warships
26:36 Husbandry
27:19 Hand Cart
27:12 Gold Mining
30:16 Cavalier
31:21 Fervor
33:08 Gold Shaft Mining
32:42 Scale Barding Armor
32:49 Forging
36:44 Chain Barding Armor
37:01 Iron Casting
38:04 Plate Barding Armor
39:44 Blast Furnace
39:12 Paladin
43:07 Heavy Warships
43:07 Siphons
43:19 Careening
64:43 Conscription
66:22 Spies/Treason
Connection lost

Rejoining the realm…

Still unreachable

The connection could not be restored.

Session expired

The server has moved on; the page needs a fresh start.